 Dungeon Crawl Stone Soup version 0.21-a0-88-g13b9641 (webtiles) character file.

1048 Murumi the Shield-Bearer (level 8, -1/49 HPs)
             Began as a Gargoyle Fighter on June 27, 2017.
             Was an Initiate of Okawaru.
             Slain by a hippogriff (4 damage)
             ... on level 6 of the Dungeon.
             The game lasted 00:21:40 (5503 turns).

Murumi the Shield-Bearer (Gargoyle Fighter)         Turns: 5503, Time: 00:21:41

Health: -1/49      AC: 15    Str: 21    XL:     8   Next: 25%
Magic:  9/9        EV:  8    Int: 10    God:    Okawaru [......]
Gold:   281        SH:  5    Dex:  9    Spells: 7/7 levels left

rFire    . . .     SeeInvis .   a - +1 long sword
rCold    . . .     Gourm    .   i - +0 buckler
rNeg     + . .     Faith    .   v - +0 chain mail
rPois    ∞         Spirit   .   (no helmet)
rElec    +         Reflect  .   (no cloak)
rCorr    .         Harm     .   (no gloves)
MR       .....                  (no boots)
Stlth    ..........             (no amulet)
HPRegen  0.16/turn              (no ring)
MPRegen  0.11/turn              (no ring)

@: no status effects
A: negative energy resistance 1, electricity resistance, unbreathing,
petrification resistance, rot immunity, AC +5
a: Renounce Religion


You were on level 6 of the Dungeon.
You worshipped Okawaru.
Okawaru was noncommittal.
You were hungry.

You visited 2 branches of the dungeon, and saw 7 of its levels.

You collected 281 gold pieces.

Inventory:

Hand Weapons
 a - a +1 long sword (weapon)
Missiles
 u - 5 tomahawks (quivered)
 w - 2 javelins
Armour
 c - a +1 shield
 i - a +0 buckler (worn)
 v - a +0 chain mail (worn)
Wands
 r - a wand of flame (25/48)
Scrolls
 e - 2 scrolls of blinking
 h - a scroll of teleportation
 j - a scroll of enchant weapon
 k - 2 scrolls of enchant armour
Potions
 b - a potion of mutation {unknown}
 d - 2 potions of might
 m - 3 potions of heal wounds
 n - 2 potions of curing
 p - a potion of lignification {unknown}
 q - a potion of brilliance {unknown}
 s - 2 potions of magic {unknown}
 t - a potion of resistance {unknown}
Comestibles
 f - 4 bread rations
 g - 3 meat rations
 l - 9 fruits


   Skills:
 - Level 5.0 Fighting
 - Level 4.1 Long Blades
 - Level 5.0 Armour
 - Level 1.0 Dodging
 - Level 7.2 Shields
 + Level 0.9 Invocations
 - Level 2.1 Evocations


You had 7 spell levels left.
You didn't know any spells.

Dungeon Overview and Level Annotations

Branches:
Dungeon (6/15)             Temple (1/1) D:5

Altars:
Ashenzari
Elyvilon
Fedhas
Gozag
Hepliaklqana
Kikubaaqudgha
Makhleb
Nemelex Xobeh
Okawaru
Qazlal
Ru
Sif Muna
Trog
Wu Jian
Xom
Yredelemnul
Zin
The Shining One


Innate Abilities, Weirdness & Mutations

You are resistant to torment.
Your stone body is resilient. (AC +5)
You are immune to poison.
You resist negative energy. (rN+)
You are resistant to electric shocks. (rElec)
You can survive without breathing.
You are immune to petrification.
You are immune to rotting.


Message History

The hippogriff is almost dead.
The hippogriff bites you but does no damage.
The hippogriff pecks you but does no damage.
You block the hippogriff's attack.
You hit the hippogriff.
The hippogriff is almost dead.
The hippogriff bites you.
* * * LOW HITPOINT WARNING * * *
The hippogriff pecks you but does no damage.
The hippogriff closely misses you. The hippogriff completely misses you.
The hippogriff pecks you.
* * * LOW HITPOINT WARNING * * *
The hippogriff claws you but does no damage.
You barely miss the hippogriff.
The hippogriff is almost dead.
The hippogriff bites you.
* * * LOW HITPOINT WARNING * * *
The hippogriff pecks you but does no damage.
The hippogriff claws you.
You die...

*,****** *,,,* **,,,** **,**,,,**
#...#****** **,** **,*,***,*
#....,,,,.****,****
**,,,,,*,*#####..>####..,,,,,,,,*
****,*,*,##..........!.$**,*,**,*
,,**,,,,,...............,*,*,,,,,
*,**,*,****...........,,,*,***,,*
*,**,*,* ***#...H#.##..,,,***,,*
*,**,*,* #..@.......,*,,,,,,*
*,**,*,* #....#.####,*****,**
*,**,*,* #....#.# *,**,,,,,,
*,**,*,* #.#.##.# *,**,**,*,
*,,,,,,* #......# **,**,**,*,
*,,,,*** ###!...#**,*,,,,,,,,
**,**##############.#,,,,,,,****,
**,**#<.............#,*****,****,
,,,,*#.############.#,*****,,,,,,


You could see a hippogriff.

Vanquished Creatures
  Eustachio (D:4)
  Edmund (D:4)
  An ogre (D:4)
  Blork the orc (D:4)
  2 scorpions (D:4)
  A hound (D:5)
  An orc priest (D:5)
  3 bullfrog skeletons
  An iguana (D:5)
  Jessica (D:3)
  An orc wizard (D:3)
  3 worker ants (D:4)
  A howler monkey zombie (D:5)
  7 adders
  3 oozes
  2 adder skeletons (D:4)
  An adder zombie (D:5)
  5 worms
  2 dart slugs (D:1)
  5 leopard geckos
  14 orcs
  3 ball pythons
  7 bats
  10 giant cockroaches
  5 goblins
  4 hobgoblins
  9 jackals
  10 kobolds
  2 quokkas
  9 frilled lizards
  8 rats
124 creatures vanquished.

Notes
Turn   | Place    | Note
-------+----------+-------------------------------------------
     0 | D:1      | Murumi the Gargoyle Fighter began the quest for the Orb.
     0 | D:1      | Reached XP level 1. HP: 14/14 MP: 1/1
    82 | D:1      | Reached skill level 1 in Dodging
    82 | D:1      | Reached XP level 2. HP: 19/19 MP: 2/2
   353 | D:1      | Reached XP level 3. HP: 24/24 MP: 3/3
   955 | D:2      | Reached XP level 4. HP: 28/29 MP: 4/4
  1424 | D:2      | Reached skill level 4 in Shields
  1674 | D:3      | Found a shattered altar of Ashenzari.
  1749 | D:3      | Reached XP level 5. HP: 29/33 MP: 5/5
  2017 | D:3      | Reached skill level 1 in Evocations
  2085 | D:3      | Noticed Jessica
  2092 | D:3      | Killed Jessica
  2597 | D:4      | Reached XP level 6. HP: 39/39 MP: 6/6
  2662 | D:4      | Reached skill level 5 in Fighting
  2765 | D:4      | Reached skill level 5 in Armour
  3033 | D:4      | Noticed Blork the orc
  3051 | D:4      | Killed Blork the orc
  3199 | D:4      | Noticed Eustachio
  3249 | D:4      | Killed Eustachio
  3249 | D:4      | Reached skill level 5 in Shields
  3249 | D:4      | Reached XP level 7. HP: 17/44 MP: 7/7
  3463 | D:4      | Noticed Edmund
  3475 | D:4      | Killed Edmund
  3475 | D:4      | Reached skill level 6 in Shields
  3556 | D:4      | Reached skill level 7 in Shields
  3940 | D:4      | Reached XP level 8. HP: 27/49 MP: 8/8
  4303 | D:5      | Entered Level 5 of the Dungeon
  4811 | D:5      | Found a shimmering altar of Xom.
  4811 | D:5      | Found an ancient bone altar of Kikubaaqudgha.
  4829 | D:5      | Found a staircase to the Ecumenical Temple.
  4840 | Temple   | Entered the Ecumenical Temple
  4853 | Temple   | Became a worshipper of Warmaster Okawaru
  5480 | D:6      | Noticed a hippogriff
  5503 | D:6      | Slain by a hippogriff

Vault maps used:
D:1:      dpeg_arrival_shrine
D:2:      first_bread
D:3:      ashenzari_altar_1, uniq_jessica
D:4:      kennysheep_generic_room_6, uniq_eustachio, uniq_edmund,
          uniq_blork_the_orc
D:5:      gammafunk_temple_overflow_wave, temple_pool_b
D:6:      cheibrodos_sewer_entry_bend
Temple:   regret_index_temple_sphere_string

Skill      XL: |  1  2  3  4  5  6  7  8 |
---------------+-------------------------+-----
Long Blades    | 2 3 4 |  4.1
Dodging        | 1 |  1.0
Fighting       | 4 5 |  5.0
Armour         | 4 5 |  5.0
Shields        | 4 5 7 |  7.2
Evocations     | 1 2 |  2.1
Invocations    | |  0.9

Action                   |  1- 3 |  4- 6 |  7- 9 || total
-------------------------+-------+-------+-------++-------
Melee: Long sword        |   104 |   284 |   146 ||   534
  Use: Scroll            |       |     8 |     2 ||    10
       Potion            |       |       |     1 ||     1
  Eat: Chunk             |       |     8 |     7 ||    15
Armor: Scale mail        |    45 |    81 |       ||   126
       Chain mail        |       |   100 |    84 ||   184
Dodge: Dodged            |    79 |   122 |    58 ||   259
Block: Buckler           |       |    49 |    34 ||    83
       Rpst.: Long sword |    28 |    43 |    10 ||    81
